 Dungeon Crawl Stone Soup version 0.22-a0-525-gf69a080 (webtiles) character file.

168 galech the Skirmisher (level 5, -1/57 HPs)
             Began as an Ogre Berserker on June 20, 2018.
             Was a Believer of Trog.
             Slain by Sigmund
             ... wielding a +0 scythe of freezing
              (5 damage)
             ... on level 3 of the Dungeon.
             The game lasted 00:02:11 (1736 turns).

galech the Skirmisher (Ogre Berserker)              Turns: 1736, Time: 00:02:11

Health: -1/57      AC:  3    Str: 22    XL:     5   Next: 48%
Magic:  5/5        EV: 11    Int:  8    God:    Trog [**....]
Gold:   119        SH:  0    Dex:  8    Spells: 4/4 levels left

rFire    . . .     SeeInvis .   a - +0 mace
rCold    . . .     Gourm    .   (no shield)
rNeg     + . .     Faith    .   b - +0 animal skin
rPois    .         Spirit   .   (helmet restricted)
rElec    .         Reflect  .   (no cloak)
rCorr    .         Harm     .   (gloves unavailable)
MR       ++...                  (boots unavailable)
Stlth    +.........             (no amulet)
HPRegen  1.19/turn              m - ring of positive energy
MPRegen  0.09/turn              (no ring)

@: berserk cooldown, regenerating, slowed, very slow
A: large, unfitting armour, tough skin 1
a: Berserk, Trog's Hand, Renounce Religion


You were on level 3 of the Dungeon.
You worshipped Trog.
Trog was pleased with you.
You were hungry.

You visited 1 branch of the dungeon, and saw 3 of its levels.

You collected 119 gold pieces.

Inventory:

Hand Weapons
 a - a +0 mace (weapon)
Armour
 b - a +0 animal skin (worn)
Jewellery
 m - a ring of positive energy (left hand)
Scrolls
 e - 6 scrolls of remove curse {unknown}
 h - a scroll of teleportation {unknown}
 k - 3 scrolls of noise {unknown}
 l - 2 scrolls of blinking {unknown}
Potions
 d - a potion of lignification {unknown}
 f - 2 potions of invisibility {unknown}
 g - 2 potions of curing {unknown}
 i - 2 potions of magic {unknown}
Comestibles
 c - 5 rations
 j - a chunk of flesh


   Skills:
 + Level 5.1 Fighting
 + Level 4.0 Maces & Flails
 + Level 3.8 Dodging
 + Level 0.6 Stealth


You had 4 spell levels left.
You didn't know any spells.
Your spell library was empty.

Dungeon Overview and Level Annotations

Branches:
Dungeon (3/15)

Altars:
Fedhas
Sif Muna

Annotations:
D:3 Sigmund


Innate Abilities, Weirdness & Mutations

You are too large for most types of armour.
You have tough skin. (AC +1)


Message History

The magic dart hits you!
Your skin crawls.
You feel resistant to hostile enchantments.
You are feeling hungry.
Sigmund closely misses you.
You closely miss Sigmund.
Sigmund is severely wounded.
Sigmund barely misses you.
You hit Sigmund.
Sigmund is severely wounded.
Sigmund misses you.
Sigmund hits you with a scythe of freezing!
Sigmund freezes you.
* * * LOW HITPOINT WARNING * * *
You hit Sigmund.
Sigmund is severely wounded.
Sigmund hits you with a scythe of freezing!
* * * LOW HITPOINT WARNING * * *
Sigmund freezes you.
You die...

.. [. .## ... #.#
#.#
########.#####.###
........@@.......#
##.#####.#####.#.#
#.)..# ##.##.#
#.....# ##.P.P.#
#..._..##
#..P.P..# #.#
#.......####.# ###


You could see Sigmund.

Vanquished Creatures
  2 orc priests (D:3)
  Natasha (D:3)
  2 adders (D:2)
  An ooze (D:2)
  2 worms (D:2)
  3 leopard geckos (D:1)
  9 orcs
  3 bats
  2 giant cockroaches
  4 goblins
  5 hobgoblins
  A quokka (D:3)
  A ball python (D:1)
  2 frilled lizards (D:2)
  6 kobolds
  2 rats
46 creatures vanquished.

Notes
Turn   | Place    | Note
-------+----------+-------------------------------------------
     0 | D:1      | galech the Ogre Berserker began the quest for the Orb.
     0 | D:1      | Reached XP level 1. HP: 24/24 MP: 1/1
    44 | D:1      | Reached XP level 2. HP: 30/32 MP: 2/2
   659 | D:2      | Found a deep blue altar of Sif Muna.
   752 | D:2      | Reached XP level 3. HP: 31/40 MP: 3/3
  1273 | D:2      | Reached ** piety under Trog
  1302 | D:2      | Reached XP level 4. HP: 48/49 MP: 4/4
  1429 | D:3      | Reached skill level 5 in Fighting
  1429 | D:3      | Reached XP level 5. HP: 57/57 MP: 5/5
  1619 | D:3      | Found a blossoming altar of Fedhas.
  1621 | D:3      | Noticed Natasha
  1646 | D:3      | Killed Natasha
  1719 | D:3      | Noticed Sigmund
  1736 | D:3      | Slain by Sigmund

Vault maps used:
D:1:      dpeg_arrival_lava_altar
D:2:      led_sif_pool
D:3:      first_ration, minmay_strange_pillars, fedhas_altar_1, uniq_sigmund,
          uniq_natasha

Skill      XL: |  1  2  3  4  5 |
---------------+----------------+-----
Dodging        | 3 |  3.8
Maces & Flails | 3 4 |  4.0
Fighting       | 5 |  5.1
Stealth        | |  0.6

Action                   |  1- 3 |  4- 6 || total
-------------------------+-------+-------++-------
Melee: Mace              |    84 |    70 ||   154
Invok: Berserk           |     1 |     4 ||     5
       Trog's Hand       |       |     1 ||     1
  Eat: Chunk             |     2 |     5 ||     7
Armor: Animal skin       |    15 |    22 ||    37
Dodge: Dodged            |    43 |    41 ||    84

Table legend:
 A = Spawn XP
 B = Non-spawn XP
 C = Spawn XP percentage of total XP
 D = Spawn monster count
 E = Non-spawn monster count
 F = Spawn count percentage of total count
 G = Total turns spent on level
                    A         B        C        D         E        F      G
               +---------+---------+-------+---------+---------+-------+---------
         Total |       0 |     240 |   0.0 |       0 |      46 |   0.0 |  1736
               +---------+---------+-------+---------+---------+-------+---------
           D:1 |       0 |      24 |   0.0 |       0 |      13 |   0.0 |   511
           D:2 |       0 |      62 |   0.0 |       0 |      15 |   0.0 |   886
           D:3 |       0 |     154 |   0.0 |       0 |      18 |   0.0 |   339
               +---------+---------+-------+---------+---------+-------+---------
